[ PARTIDA AOE2 · #483575163 ]
1v1 RMMalíes vs Spanish
Equipo del jugador · DERR
Equipo rival · VICT
[ ANÁLISIS DE REPETICIÓN · EXTRAÍDO DE LA PARTIDA GRABADA ]
Feudal
10:21
Castillos
26:06
Imperial
—
| APM promedio | 31.6 |
| APM pico | 79 |
| eAPM promedio | 21.9 |
| Aldeanos / militares | 236 / 133 |
Foco
⚔️ 30.4% · 🌾 69.6%
Skirmisher ×56 · Camel Scout ×48 · Monk ×15 · Militia ×7 · Gbeto ×4 · Archer ×2
Feudal
13:21
Castillos
17:33
Imperial
39:23
| APM promedio | 34.0 |
| APM pico | 102 |
| eAPM promedio | 14.6 |
| Aldeanos / militares | 78 / 165 |
Foco
⚔️ 42.8% · 🌾 57.2%
Spearman ×93 · Knight ×62 · Scout Cavalry ×4 · Trebuchet (Packed) ×3 · Archer ×2 · Monk ×1
Mapa de la partida
Recursos al inicio + cada clic de construcción. Línea gruesa = muro · recuadro discontinuo = muro de casas detectado. 🟡 oro · ⚪ piedra · 🟢 bayas · 🔶 jabalí · ⭕ reliquia
Inputs por minuto
— rafał - - IliaNikolaevich
Build order — rafał
Primeras 150 de 558 acciones detectadas
| 0:01 | Crear | Villager (Male) |
| 0:01 | Crear | Villager (Male) |
| 0:02 | Crear | Villager (Male) |
| 0:07 | Construir | House |
| 0:08 | Construir | House |
| 0:22 | Crear | Villager (Male) |
| 1:42 | Crear | Villager (Male) |
| 2:07 | Crear | Villager (Male) |
| 2:32 | Crear | Villager (Male) |
| 2:53 | Construir | Lumber Camp |
| 2:59 | Crear | Villager (Male) |
| 3:23 | Crear | Villager (Male) |
| 3:23 | Crear | Villager (Male) |
| 3:34 | Construir | House |
| 3:42 | Crear | Villager (Male) |
| 3:54 | Crear | Villager (Male) |
| 4:21 | Crear | Villager (Male) |
| 4:24 | Crear | Villager (Male) |
| 5:02 | Crear | Villager (Male) |
| 5:39 | Construir | Mill |
| 5:42 | Crear | Villager (Male) |
| 6:03 | Crear | Villager (Male) |
| 6:16 | Construir | House |
| 6:23 | Crear | Villager (Male) |
| 6:49 | Investigar | Loom |
| 7:08 | Crear | Villager (Male) |
| 7:39 | Construir | Mill |
| 7:45 | Crear | Villager (Male) |
| 8:11 | Investigar | Feudal Age |
| 8:48 | Construir | Lumber Camp |
| 9:38 | Construir | Palisade Wall |
| 9:41 | Crear | Villager (Male) |
| 10:02 | Construir | Barracks |
| 10:17 | Construir | House |
| 10:21 | Edad | Edad Feudal |
| 10:35 | Crear | Villager (Male) |
| 10:52 | Construir | Mining Camp |
| 10:58 | Construir | Mining Camp |
| 11:01 | Crear | Villager (Male) |
| 11:06 | Construir | House |
| 11:08 | Crear | Militia |
| 11:08 | Crear | Militia |
| 11:17 | Investigar | Double-Bit Axe |
| 11:26 | Construir | House |
| 11:41 | Crear | Villager (Male) |
| 12:20 | Construir | Market |
| 12:31 | Construir | Palisade Wall |
| 12:34 | Crear | Villager (Male) |
| 12:38 | Construir | Farm |
| 12:38 | Crear | Villager (Male) |
| 12:41 | Investigar | Man-at-Arms (upgrade) |
| 12:42 | Investigar | Arson |
| 12:43 | Crear | Militia |
| 13:31 | Construir | Farm |
| 13:35 | Construir | Farm |
| 13:37 | Construir | Farm |
| 13:46 | Crear | Villager (Male) |
| 13:46 | Crear | Villager (Male) |
| 13:49 | Construir | Farm |
| 14:04 | Crear | Militia |
| 14:04 | Crear | Militia |
| 14:09 | Construir | Farm |
| 14:20 | Construir | Farm |
| 14:22 | Construir | Farm |
| 14:34 | Construir | House |
| 14:48 | Crear | Villager (Male) |
| 14:48 | Crear | Villager (Male) |
| 14:51 | Construir | Farm |
| 14:54 | Construir | Farm |
| 15:05 | Construir | House |
| 15:33 | Crear | Villager (Male) |
| 15:43 | Construir | Farm |
| 15:44 | Crear | Villager (Male) |
| 15:48 | Construir | Blacksmith |
| 16:23 | Construir | Palisade Wall |
| 16:25 | Crear | Villager (Male) |
| 16:30 | Construir | Farm |
| 16:31 | Crear | Villager (Male) |
| 16:33 | Construir | Farm |
| 16:49 | Investigar | Scale Mail Armor |
| 16:51 | Crear | Villager (Male) |
| 16:59 | Construir | Farm |
| 17:01 | Construir | Farm |
| 17:04 | Construir | Farm |
| 17:05 | Crear | Villager (Male) |
| 17:28 | Crear | Villager (Male) |
| 17:32 | Construir | House |
| 17:35 | Construir | Farm |
| 17:44 | Construir | Farm |
| 18:20 | Construir | House |
| 18:22 | Construir | House |
| 19:05 | Construir | Archery Range |
| 19:11 | Construir | Palisade Wall |
| 19:14 | Investigar | Wheelbarrow |
| 19:14 | Investigar | Castle Age |
| 19:19 | Construir | Palisade Wall |
| 19:33 | Construir | Watch Tower |
| 19:37 | Investigar | Gold Mining |
| 19:41 | Investigar | Fletching |
| 19:52 | Crear | Skirmisher |
| 19:52 | Crear | Skirmisher |
| 20:10 | Construir | Archery Range |
| 20:13 | Construir | Palisade Wall |
| 20:14 | Construir | Palisade Wall |
| 20:36 | Crear | Villager (Male) |
| 20:36 | Crear | Villager (Male) |
| 20:42 | Crear | Skirmisher |
| 20:42 | Crear | Skirmisher |
| 20:46 | Crear | Skirmisher |
| 21:36 | Construir | Lumber Camp |
| 22:14 | Crear | Militia |
| 22:14 | Crear | Militia |
| 22:21 | Crear | Skirmisher |
| 22:24 | Construir | Farm |
| 22:29 | Investigar | Horse Collar |
| 23:26 | Investigar | Castle Age |
| 23:37 | Construir | Palisade Wall |
| 24:15 | Construir | Stone Wall |
| 24:29 | Construir | Palisade Wall |
| 24:55 | Crear | Skirmisher |
| 24:55 | Crear | Skirmisher |
| 25:15 | Construir | Palisade Wall |
| 25:23 | Investigar | Padded Archer Armor |
| 25:26 | Crear | Skirmisher |
| 25:30 | Construir | Farm |
| 25:35 | Construir | Stone Wall |
| 25:39 | Construir | Farm |
| 26:06 | Edad | Edad de los Castillos |
| 26:26 | Construir | Town Center |
| 26:29 | Investigar | Elite Skirmisher (upgrade) |
| 26:30 | Crear | Skirmisher |
| 26:30 | Crear | Skirmisher |
| 26:31 | Crear | Skirmisher |
| 26:31 | Crear | Skirmisher |
| 26:31 | Crear | Skirmisher |
| 26:37 | Investigar | Bow Saw |
| 26:56 | Construir | Town Center |
| 27:06 | Crear | Villager (Male) |
| 27:07 | Crear | Villager (Male) |
| 27:08 | Investigar | Town Watch |
| 27:12 | Crear | Skirmisher |
| 27:12 | Crear | Skirmisher |
| 27:19 | Construir | University |
| 27:29 | Investigar | Bodkin Arrow |
| 27:30 | Crear | Skirmisher |
| 27:31 | Crear | Skirmisher |
| 27:31 | Crear | Villager (Male) ×5 |
| 27:37 | Construir | Farm |
| 27:49 | Construir | House |
| 27:51 | Construir | House |
Build order — IliaNikolaevich
Primeras 150 de 278 acciones detectadas
| 0:03 | Crear | Villager (Male) |
| 0:03 | Crear | Villager (Male) |
| 0:03 | Crear | Villager (Male) |
| 0:04 | Construir | House |
| 0:05 | Construir | House |
| 1:21 | Crear | Villager (Male) |
| 1:21 | Crear | Villager (Male) |
| 2:00 | Construir | Lumber Camp |
| 2:21 | Crear | Villager (Male) |
| 2:22 | Crear | Villager (Male) |
| 2:22 | Crear | Villager (Male) |
| 3:19 | Crear | Villager (Male) |
| 3:19 | Crear | Villager (Male) |
| 4:13 | Construir | House |
| 4:16 | Construir | House |
| 4:32 | Construir | Palisade Wall |
| 4:40 | Crear | Villager (Male) |
| 4:40 | Crear | Villager (Male) |
| 4:40 | Crear | Villager (Male) |
| 4:43 | Crear | Villager (Male) |
| 6:26 | Construir | Palisade Wall |
| 6:32 | Crear | Villager (Male) |
| 6:33 | Crear | Villager (Male) |
| 6:33 | Crear | Villager (Male) |
| 7:44 | Construir | Mill |
| 7:56 | Construir | Mill |
| 8:00 | Construir | Palisade Wall |
| 8:06 | Construir | Palisade Wall |
| 8:08 | Construir | Palisade Wall |
| 8:09 | Construir | Palisade Wall |
| 8:11 | Construir | Palisade Wall |
| 8:12 | Construir | Palisade Wall |
| 8:27 | Construir | Palisade Wall |
| 8:28 | Construir | Palisade Wall |
| 8:29 | Construir | Palisade Wall |
| 8:40 | Crear | Villager (Male) |
| 8:41 | Crear | Villager (Male) |
| 8:42 | Crear | Villager (Male) |
| 8:42 | Crear | Villager (Male) |
| 8:43 | Crear | Villager (Male) |
| 9:35 | Construir | Mining Camp |
| 9:41 | Construir | House |
| 9:42 | Construir | House |
| 9:47 | Crear | Villager (Male) |
| 10:28 | Investigar | Feudal Age |
| 10:46 | Construir | Palisade Wall |
| 10:50 | Construir | Palisade Wall |
| 10:58 | Construir | Palisade Wall |
| 12:42 | Construir | Mining Camp |
| 13:18 | Crear | Villager (Male) |
| 13:18 | Crear | Villager (Male) |
| 13:21 | Edad | Edad Feudal |
| 13:31 | Construir | Blacksmith |
| 13:45 | Construir | Market |
| 13:57 | Investigar | Loom |
| 14:33 | Construir | Barracks |
| 14:41 | Construir | House |
| 14:53 | Investigar | Castle Age |
| 15:27 | Construir | Archery Range |
| 15:35 | Construir | House |
| 15:44 | Construir | House |
| 16:05 | Construir | House |
| 16:17 | Crear | Archer |
| 16:45 | Construir | House |
| 17:01 | Crear | Archer |
| 17:32 | Construir | Farm |
| 17:33 | Edad | Edad de los Castillos |
| 17:33 | Construir | Farm |
| 17:35 | Construir | Farm |
| 17:36 | Construir | Farm |
| 17:37 | Construir | Farm |
| 17:39 | Crear | Villager (Male) |
| 17:39 | Crear | Villager (Male) |
| 17:40 | Crear | Villager (Male) |
| 17:55 | Construir | Farm |
| 17:57 | Construir | Farm |
| 17:59 | Construir | Farm |
| 18:01 | Crear | Villager (Male) |
| 18:26 | Construir | Farm |
| 18:47 | Investigar | Double-Bit Axe |
| 19:38 | Crear | Villager (Male) |
| 19:38 | Crear | Villager (Male) |
| 19:39 | Crear | Villager (Male) |
| 19:53 | Construir | House |
| 19:59 | Construir | Farm |
| 20:04 | Construir | Farm |
| 20:06 | Investigar | Horse Collar |
| 20:14 | Construir | House |
| 21:00 | Construir | Mining Camp |
| 21:16 | Crear | Villager (Male) |
| 21:17 | Crear | Villager (Male) |
| 21:17 | Crear | Villager (Male) |
| 21:20 | Crear | Villager (Male) |
| 21:50 | Construir | Palisade Wall |
| 22:23 | Crear | Villager (Male) |
| 22:40 | Construir | Palisade Wall |
| 22:56 | Crear | Villager (Male) |
| 23:23 | Construir | Castle |
| 24:37 | Construir | Town Center |
| 24:48 | Construir | Farm |
| 24:52 | Investigar | Wheelbarrow |
| 24:55 | Investigar | Town Watch |
| 25:05 | Construir | Stable |
| 25:10 | Construir | Stable |
| 25:13 | Investigar | Bow Saw |
| 25:16 | Construir | House |
| 25:18 | Construir | House |
| 25:20 | Construir | House |
| 25:30 | Crear | Villager (Male) |
| 25:30 | Crear | Villager (Male) |
| 25:30 | Crear | Villager (Male) |
| 26:07 | Crear | Villager (Male) |
| 26:07 | Crear | Villager (Male) |
| 26:08 | Crear | Villager (Male) |
| 26:29 | Crear | Knight |
| 26:29 | Crear | Knight |
| 26:36 | Crear | Villager (Male) |
| 26:39 | Crear | Villager (Male) |
| 26:56 | Construir | Farm |
| 26:57 | Construir | Farm |
| 26:58 | Construir | Farm |
| 26:59 | Construir | Farm |
| 27:03 | Construir | Farm |
| 27:04 | Construir | Farm |
| 27:07 | Construir | Farm |
| 27:08 | Construir | Farm |
| 27:09 | Construir | Farm |
| 27:28 | Investigar | Bloodlines |
| 27:28 | Investigar | Husbandry |
| 27:37 | Crear | Knight |
| 27:40 | Crear | Villager (Male) |
| 27:46 | Crear | Villager (Male) |
| 27:54 | Construir | Monastery |
| 28:03 | Investigar | Gold Mining |
| 28:17 | Construir | Farm |
| 28:30 | Crear | Monk |
| 28:48 | Crear | Villager (Male) |
| 28:48 | Crear | Villager (Male) |
| 28:53 | Crear | Knight |
| 28:54 | Crear | Knight |
| 29:13 | Investigar | Forging |
| 29:14 | Investigar | Scale Barding Armor |
| 29:23 | Crear | Knight |
| 29:26 | Crear | Knight |
| 29:27 | Crear | Villager (Male) |
| 29:27 | Crear | Villager (Male) |
| 30:16 | Crear | Knight ×5 |
| 30:52 | Crear | Villager (Male) |
| 30:52 | Crear | Villager (Male) |
| 30:52 | Crear | Villager (Male) |
Cronología de la partida
| 4:32 | IliaNikolaevich · wall_segment Palisade Wall x13 |
| 6:26 | IliaNikolaevich · wall_segment Palisade Wall x12 |
| 8:00 | IliaNikolaevich · wall_segment Palisade Wall x1 |
| 8:06 | IliaNikolaevich · wall_segment Palisade Wall x1 |
| 8:08 | IliaNikolaevich · wall_segment Palisade Wall x1 |
| 8:09 | IliaNikolaevich · wall_segment Palisade Wall x1 |
| 8:11 | IliaNikolaevich · wall_segment Palisade Wall x1 |
| 8:12 | IliaNikolaevich · wall_segment Palisade Wall x1 |
| 8:27 | IliaNikolaevich · wall_segment Palisade Wall x1 |
| 8:28 | IliaNikolaevich · wall_segment Palisade Wall x1 |
| 8:29 | IliaNikolaevich · wall_segment Palisade Wall x1 |
| 9:38 | rafał · wall_segment Palisade Wall x4 |
| 10:02 | rafał · first_building Barracks |
| 10:21 | rafał · age_up feudal |
| 10:46 | IliaNikolaevich · wall_segment Palisade Wall x6 |
| 10:50 | IliaNikolaevich · wall_segment Palisade Wall x5 |
| 10:58 | IliaNikolaevich · wall_segment Palisade Wall x5 |
| 12:31 | rafał · wall_segment Palisade Wall x8 |
| 13:21 | IliaNikolaevich · age_up feudal |
| 13:45 | rafał · first_market_sell 100 wood |
| 13:45 | rafał · first_market_buy 100 food |
| 14:33 | IliaNikolaevich · first_building Barracks |
| 15:27 | IliaNikolaevich · first_building Archery Range |
| 16:23 | rafał · wall_segment Palisade Wall x5 |
| 17:33 | IliaNikolaevich · age_up castle |
| 19:05 | rafał · first_building Archery Range |
| 19:11 | rafał · wall_segment Palisade Wall x6 |
| 19:19 | rafał · wall_segment Palisade Wall x3 |
| 20:13 | rafał · wall_segment Palisade Wall x1 |
| 20:14 | rafał · wall_segment Palisade Wall x1 |
| 21:50 | IliaNikolaevich · wall_segment Palisade Wall x1 |
| 22:40 | IliaNikolaevich · wall_segment Palisade Wall x1 |
| 23:23 | IliaNikolaevich · first_building Castle |
| 23:37 | rafał · wall_segment Palisade Wall x5 |
| 24:15 | rafał · wall_segment Stone Wall x5 |
| 24:29 | rafał · wall_segment Palisade Wall x1 |
| 25:05 | IliaNikolaevich · first_building Stable |
| 25:15 | rafał · wall_segment Palisade Wall x1 |
| 25:35 | rafał · wall_segment Stone Wall x1 |
| 26:06 | rafał · age_up castle |
| 27:54 | IliaNikolaevich · first_building Monastery |
| 29:19 | IliaNikolaevich · first_market_sell 500 wood |
| 30:42 | rafał · first_building Monastery |
| 31:39 | rafał · wall_segment Stone Wall x25 |
| 32:55 | IliaNikolaevich · first_market_buy 100 stone |
| 34:01 | rafał · first_building Castle |
| 36:28 | rafał · wall_segment Stone Wall x10 |
| 36:41 | rafał · first_building Stable |
| 36:51 | rafał · wall_segment Stone Wall x7 |
| 37:52 | rafał · wall_segment Palisade Wall x1 |
| 37:58 | rafał · wall_segment Palisade Wall x12 |
| 38:00 | rafał · wall_segment Palisade Wall x12 |
| 39:23 | IliaNikolaevich · age_up imperial |
| 57:54 | IliaNikolaevich · first_building Siege Workshop |
| 58:56 | rafał · resign |
[ ANÁLISIS IA · 1 CRÉDITO ]
¿Qué pasó realmente en esta partida?
Wolo.gg analiza cada decisión: build order, eco, micro, errores típicos por bracket. Análisis personalizado por WhatsApp o Discord en 30 segundos.
Guía civ
Malíes
Guía mapa
Arabia
Perfil
rafał